 Dungeon Crawl Stone Soup version 0.26-a0-651-gb41185065b (webtiles) character file.

Game seed: 279304247595470675

674 Irenicus the Geomancer (level 7, -4/55 HPs)
             Began as a Deep Dwarf Earth Elementalist on Oct 14, 2020.
             Slain by a gnoll
             ... wielding a +0 spear
              (6 damage)
             ... on level 6 of the Dungeon.
             The game lasted 00:13:43 (2214 turns).

Irenicus the Geomancer (DDEE)                       Turns: 2214, Time: 00:13:43

Health: -4/55      AC:  4    Str: 11    XL:     7   Next: 33%
Magic:  4/9        EV: 12    Int: 18    God:
Gold:   247        SH:  0    Dex: 19    Spells: 3/9 levels left

rFire    . . .     SeeInvis .   w - +3 dagger (venom)
rCold    . . .     Faith    .   (no shield)
rNeg     . . .     Spirit   .   m - +0 leather armour
rPois    .         Reflect  .   (no helmet)
rElec    .         Harm     .   (no cloak)
rCorr    .         Rampage  .   (no gloves)
MR       +....     Rnd*Tele +   v - +0 pair of boots
Stlth    ++........             (no amulet)
HPRegen  0.00/turn              c - +6 ring of dexterity
MPRegen  0.11/turn              a - ring of teleportation (curse) {+/*tele, !d}

@: non-regenerating
A: damage resistance, heal wounds, sense surroundings 1, no regeneration
a: Heal Wounds


You were on level 6 of the Dungeon.
You visited 1 branch of the dungeon, and saw 6 of its levels.

You collected 247 gold pieces.

Inventory:

Hand Weapons
 w - a +3 dagger of venom (weapon)
   (You took it off a goblin on level 3 of the Dungeon)
Missiles
 b - 170 stones (quivered)
Armour
 m - a +0 leather armour (worn)
   (You found it on level 1 of the Dungeon)
 v - a +0 pair of boots (worn)
   (You found it on level 2 of the Dungeon)
Jewellery
 a - a cursed ring of teleportation (right hand) {+/*tele, !d}
   (You found it on level 6 of the Dungeon)
 c - a +6 ring of dexterity (left hand)
   (You found it on level 1 of the Dungeon)
Scrolls
 f - 6 scrolls of remove curse
 i - a scroll of fear
 k - 2 scrolls of identify
 p - 2 scrolls of teleportation
Potions
 d - 2 potions of haste
 e - a potion of heal wounds
 g - 2 potions of stabbing {unknown}
 h - a potion of might {unknown}
 j - a potion of lignification {unknown}
 l - a potion of flight {unknown}
 o - 2 potions of ambrosia
 r - 3 potions of curing {unknown}
 s - a potion of mutation {unknown}
 u - a potion of brilliance {unknown}


   Skills:
 - Level 2.1 Dodging
 - Level 2.4 Stealth
 - Level 1.7 Spellcasting
 - Level 0.8 Transmutations
 + Level 11.1 Earth Magic


You had 3 spell levels left.
You knew the following spells:

 Your Spells              Type           Power        Failure   Level
a - Sandblast             Erth           #####.       1%          1
w - Passwall              Tmut/Erth      ###.....     3%          2
x - Stone Arrow           Conj/Erth      ###...       8%          3

Your spell library contained the following spells:

 Spells                   Type           Power        Failure   Level
 Lee's Rapid Deconstruct  Erth           #####.....   7%          5
 Petrify                  Tmut/Erth      ###.....     21%         4


Dungeon Overview and Level Annotations

Branches:
Dungeon (6/15)
 Temple: D:4-7

Altars:
Cheibriados
Dithmenos
Trog
Vehumet
Zin

Annotations:
D:3 1 runed translucent door


Innate Abilities, Weirdness & Mutations

You are resistant to damage.
You can heal yourself by infusing magical energy.
You passively map a small area around you.
You do not regenerate.


Message History

Found an escape hatch in the ceiling.
You see here an adder corpse.
MP restored: 9
As you read the scroll labeled ECAYCOIHIE, it crumbles to dust.
You assume a fearsome visage.
Nothing appears to happen.
It was a scroll of fear.
As you read the scroll labeled EMPYISCH HUIGI, it crumbles to dust.
You hear a loud clanging noise!
It was a scroll of noise.
You hear a shout! x3
Press: ? - help, Dir - move target cursor
As you read the scroll labeled FOATUT OSUKI, it crumbles to dust.
It was a scroll of blinking.
a - a shiny wooden ring You feel slightly jumpy.
Oops, that ring feels deathly cold.
a - a cursed ring of teleportation (right hand)
You open the door.
Found a shadowy altar of Dithmenos.
There is an open door here.
You hear the slow rusting of a very distant drain.
Found a stone staircase leading down.
You now have 247 gold pieces (gained 12).
An iguana comes into view.
Casting: Sandblast (safe; 1% risk of failure)
Confirm with . or Enter, or press ? or * to list all spells.
Aiming: Sandblast (safe; 1% risk of failure)
Press: ? - help, Shift-Dir - straight line, f - iguana
Aim: an iguana (asleep)
The blast of sand hits the iguana!
The iguana is severely wounded.
The iguana hisses angrily.
b - 176 stones You now have 8/9 mp.
Casting: Sandblast (safe; 1% risk of failure)
Confirm with . or Enter, or press ? or * to list all spells.
Aiming: Sandblast (safe; 1% risk of failure)
Press: ? - help, Shift-Dir - straight line, f/p - iguana
Aim: an iguana (severely wounded)
The blast of sand hits the iguana.
The iguana is severely wounded.
b - 175 stones You now have 7/9 mp.
Casting: Sandblast (safe; 1% risk of failure)
Confirm with . or Enter, or press ? or * to list all spells.
Aiming: Sandblast (safe; 1% risk of failure)
Press: ? - help, Shift-Dir - straight line, f/p - iguana
Aim: an iguana (severely wounded)
The blast of sand hits the iguana!
You kill the iguana!
Your Earth Magic skill increases to level 11!
b - 174 stones You now have 6/9 mp.
A gnoll comes into view. It is wielding a +0 flail.
A gnoll comes into view. It is wielding a +0 spear.
A gnoll comes into view.
Casting: Sandblast (safe; 1% risk of failure)
Confirm with . or Enter, or press ? or * to list all spells.
You can't see any susceptible monsters within range! (Use Z to cast anyway.)
The gnoll shouts! x2; You hear a shout!
Casting: Sandblast (safe; 1% risk of failure)
Confirm with . or Enter, or press ? or * to list all spells.
Aiming: Sandblast (safe; 1% risk of failure)
Press: ? - help, Shift-Dir - straight line, f - gnoll
Aim: a gnoll, wielding a +0 flail The blast of sand hits the gnoll.
The gnoll is moderately wounded.
b - 173 stones A jelly comes into view.
An ufetubus comes into view.
You now have 7/9 mp.
Casting: Sandblast (safe; 1% risk of failure)
Confirm with . or Enter, or press ? or * to list all spells.
Aiming: Sandblast (safe; 1% risk of failure)
Press: ? - help, Shift-Dir - straight line, f/p - gnoll
Aim: a gnoll, wielding a +0 flail (moderately wounded)
The blast of sand hits the gnoll.
The gnoll is moderately wounded.
b - 172 stones The gnoll completely misses you.
You now have 6/9 mp.
Casting: Sandblast (safe; 1% risk of failure)
Confirm with . or Enter, or press ? or * to list all spells.
Aiming: Sandblast (safe; 1% risk of failure)
Press: ? - help, Shift-Dir - straight line, f/p - gnoll
Aim: a gnoll, wielding a +0 flail (moderately wounded)
The blast of sand hits the gnoll.
The gnoll is severely wounded.
b - 171 stones The gnoll closely misses you.
The gnoll hits you with a +0 flail!
* * * LOW HITPOINT WARNING * * *
You take 11 damage, and have 2/55 hp.
You now have 5/9 mp.
Casting: Sandblast (safe; 1% risk of failure)
Confirm with . or Enter, or press ? or * to list all spells.
Aiming: Sandblast (safe; 1% risk of failure)
Press: ? - help, Shift-Dir - straight line, f/p - gnoll
Aim: a gnoll, wielding a +0 flail (severely wounded)
The blast of sand hits the gnoll!
You kill the gnoll!
b - 170 stones The gnoll hits you from afar with a +0 spear!
You die...

#(..# * **
#.### #.# #.# *
* *** #.# , , *
#.# #.#
#.#########.# *
#.5gg)@.....#
,..J###########
,* *, , , , , ,
, , * * * ≈ * *


You could see a jelly, 2 gnolls and an ufetubus.

Vanquished Creatures
  Sigmund (D:2)
  An ogre (D:4)
  A bullfrog (D:6)
  A howler monkey (D:5)
  A hound (D:4)
  Jessica (D:2)
  2 iguanas
  A worker ant (D:3)
  2 gnolls
  7 adders
  A white imp (D:4)
  An ufetubus (D:5)
  An adder skeleton (D:4)
  2 leopard geckos
  2 orcs (D:3)
  4 ball pythons
  5 bats
  4 giant cockroaches
  14 goblins
  15 hobgoblins
  12 jackals
  9 kobolds
  6 quokkas
  5 frilled lizards
  7 rats
106 creatures vanquished.

Notes
Turn   | Place    | Note
-------+----------+-------------------------------------------
     0 | D:1      | Irenicus the Deep Dwarf Earth Elementalist began the quest
                  | for the Orb.
     0 | D:1      | Reached XP level 1. HP: 15/15 MP: 3/3
   148 | D:1      | Reached XP level 2. HP: 19/22 MP: 2/4
   166 | D:1      | Reached skill level 5 in Earth Magic
   261 | D:1      | Learned a level 2 spell: Passwall
   398 | D:1      | Reached XP level 3. HP: 17/28 MP: 0/5
   586 | D:2      | Noticed Sigmund
   596 | D:2      | HP: 2/28 [Sigmund/+3 scythe of venom (14)]
   624 | D:2      | Killed Sigmund
   624 | D:2      | Reached skill level 8 in Earth Magic
   624 | D:2      | Reached XP level 4. HP: 26/36 MP: 1/6
   624 | D:2      | Reached XP level 5. HP: 31/42 MP: 1/7
   694 | D:2      | Noticed Jessica
   704 | D:2      | Killed Jessica
   735 | D:2      | Found a bloodstained altar of Trog.
   920 | D:2      | Reached XP level 6. HP: 31/49 MP: 0/8
   922 | D:2      | Reached skill level 9 in Earth Magic
  1124 | D:2      | Found a faded altar of an unknown god.
  1194 | D:3      | Found a glowing silver altar of Zin.
  1270 | D:3      | Found a runed translucent door.
  1270 | D:3      | Noticed an angel
  1356 | D:3      | Found a snail-covered altar of Cheibriados.
  1473 | D:4      | Reached skill level 10 in Earth Magic
  1618 | D:4      | Learned a level 3 spell: Stone Arrow
  1672 | D:4      | Found a radiant altar of Vehumet.
  1820 | D:5      | Entered Level 5 of the Dungeon
  1833 | D:5      | HP: 11/49 [ufetubus (2)]
  1837 | D:5      | Reached XP level 7. HP: 13/55 MP: 3/9
  2171 | D:6      | Found a shadowy altar of Dithmenos.
  2195 | D:6      | Reached skill level 11 in Earth Magic
  2213 | D:6      | HP: 2/55 [gnoll/+0 flail (11)]
  2214 | D:6      | Slain by a gnoll

Illustrated notes

Levels and vault maps discovered:
D:1:      dpeg_arrival_rooms_a, layout_basic
D:2:      layout_loops_cross, lemuel_round_altar,
          chequers_ecumenical_altar_island, minmay_increasing_density,
          uniq_jessica, uniq_sigmund
D:3:      layout_rooms, cheibriados_altar_1, lemuel_angel_altar
D:4:      layout_basic, minmay_misc_feat_iff, vehumet_altar_wand_db
D:5:      layout_layer_cave
D:6:      layout_loops_cross, lemuel_crystal_altar, lemuel_doored_altar,
          gup_sewer_entry_bowl, tso_metal_star, uniq_edmund, uniq_grinder,
          uniq_pikel

Skill      XL: |  1  2  3  4  5  6  7 |
---------------+----------------------+-----
Earth Magic    | 5 8 10 11 | 11.1
Dodging        | |  2.1
Stealth        | |  2.4
Spellcasting   | |  1.7
Transmutations | |  0.8

Action                   |  1- 3 |  4- 6 |  7- 9 || total
-------------------------+-------+-------+-------++-------
Melee: Hand axe          |    12 |    33 |       ||    45
       Spear             |     3 |       |       ||     3
       Unarmed           |     4 |       |       ||     4
       Dagger            |       |     1 |       ||     1
 Cast: Sandblast         |    31 |    78 |    13 ||   122
       Passwall          |     4 |     7 |     7 ||    18
 Abil: Heal Wounds       |     1 |       |       ||     1
  Use: Scroll            |       |     8 |     3 ||    11
       Potion            |       |     1 |       ||     1
 Stab: Sleeping          |     1 |     2 |       ||     3
Armor: Robe              |     2 |       |       ||     2
       Leather armour    |     6 |    14 |       ||    20
Dodge: Dodged            |    27 |    49 |     2 ||    78

Table legend: (Time is in decaauts)
 A = Elapsed time spent in this place.
 B = Non-inter-level travel time spent in this place.
 C = Inter-level travel time spent in this place.
 D = Time resting spent in this place.
 E = Time spent auto-exploring this place.
 F = Levels seen in this place.
 G = Mean time per level.
                   A        B        C        D        E       F      G
               +--------+--------+--------+--------+--------+-----+--------+
         Total |   2223 |   2223 |      0 |      0 |      0 |   6 |  370.5 |
       Dungeon |   2223 |   2223 |      0 |      0 |      0 |   6 |  370.5 |
               +--------+--------+--------+--------+--------+-----+--------+

Top non-repeatable levels by time:
     D:2: 616 daAuts
     D:1: 560 daAuts
     D:4: 350 daAuts
     D:5: 304 daAuts
     D:3: 303 daAuts
     D:6: 88 daAuts

Table legend:
 A = Kills in this place as a percentage of kills in entire the game.
 B = Kills by you in this place as a percentage of kills by you in the entire game.
 C = Kills by friends in this place as a percentage of kills by friends in the entire game.
 D = Other kills in this place as a percentage of other kills in the entire game.
 E = Experience gained in this place as a percentage of experience gained in the entire game.
 F = Experience gained in this place divided by the number of levels of this place that you have seen.
                   A       B       C       D       E      F
               +-------+-------+-------+-------+-------+----------------------
         Total | 100.0 | 100.0 |   N/A |   N/A | 100.0 | 160.7
       Dungeon | 100.0 | 100.0 |   N/A |   N/A | 100.0 | 160.7
               +-------+-------+-------+-------+-------+----------------------
